nht, chaotic female elven Wizard ------- --- --. --@.....| -..|--.|...|.-- |...---.--|...||.........| --.-- |...|...--.......--- --- --...............| |................-- --...........)....| |.............--..| --.--.----.... --- --- --.|. |.).| --- --[-- --^.-- ----|...| |....- |..--.-----------.---. |....<............| --....------------ ---...-- |....| ----- nht the Conjurer Experience level: 5 Strength: 11 Dexterity: 15 Constitution: 12 Intelligence: 18 Wisdom: 11 Charisma: 9 Health: 38(38) Energy: 42(43) Def: 4 Gold: 641 Moves: 858 Dungeon seed: 8do15RT-BpH9wNMP Game ID: nht_1430637284 Your Inventory: Coins $ - 641 gold pieces Weapons a - a blessed +1 quarterstaff (weapon in hands) Armor e - an uncursed +0 cloak of magic resistance (being worn) r - an uncursed +0 helm of telepathy (being worn) v - an uncursed +0 pair of kicking boots w - an uncursed +0 pair of elven boots (being worn) y - an uncursed +0 pair of elven boots z - an uncursed +0 elven cloak N - an uncursed +0 pair of gauntlets of dexterity (being worn) Y - a cursed -1 pair of levitation boots Scrolls i - 3 uncursed scrolls of blank paper j - an uncursed scroll of create monster k - an uncursed scroll of food detection B - 2 uncursed scrolls of scare monster E - a blessed scroll of blank paper Spellbooks m - a blessed spellbook of magic missile n - an uncursed spellbook of sleep s - an uncursed spellbook of turn undead F - a blessed spellbook of healing Potions g - an uncursed potion of gain ability h - an uncursed potion of object detection x - an uncursed potion of booze A - an uncursed potion of gain energy C - a potion of holy water H - an uncursed potion of fruit juice Rings c - an uncursed +1 ring of gain strength d - an uncursed ring of fire resistance Wands b - a wand of speed monster (0:7) u - a wand of teleportation (0:3) Tools o - a magic marker (0:24) p - an uncursed leather drum t - an uncursed towel I - 4 cursed tallow candles (0:200) Gems D - an uncursed worthless piece of orange glass Spells known in the end: Name Level Category Fail Memory a - force bolt 1 attack 0% 96% b - magic missile 2 attack 0% 96% c - sleep 1 enchantment 0% 96% d - detect monsters 1 divination 0% 96% e - healing 1 healing 0% 100% Your skills at the end: Fighting Skills Weapon Skills quarterstaff [Basic] Spellcasting Skills attack spells [Basic] enchantment spells [Basic] Final Attributes: You were piously aligned. You were sleep resistant. You were magic-protected. You were telepathic. You had infravision. You were stealthy. You were fast. You were lucky. You survived. Vanquished creatures: a pony a Kop Lieutenant a paper golem a dwarf 5 Kop Sergeants 4 coyotes a cave spider a yellow mold 4 gnomes 13 Keystone Kops 2 geckos a jackal 4 grid bugs a kobold zombie 3 newts 43 creatures vanquished. Voluntary challenges: You were vegetarian. You were an atheist. You used a wielded weapon 77 times, starting on turn 56. You read items or engraved 23 times, starting on turn 39. You never genocided any monsters. You never polymorphed an object. You never changed form. You used no wishes. You never split a pudding. You wrote Elbereth's name 6 times, starting on turn 197. You never violated your personal moral code. Dungeon overview: The Dungeons of Doom: levels 1 to 6 Level 1 a long staircase Level 2 Level 3 an armor shop stairs to The Gnomish Mines Level 4 Level 5 Level 6 The Gnomish Mines: Level 4 <- You were here stairs to The Dungeons of Doom History has recorded: On T:1 you entered the Dungeons of Doom to retrieve the Amulet of Yendor! On T:35 you reached level 2 of The Dungeons of Doom. On T:164 you reached level 3 of The Dungeons of Doom. On T:250 you advanced to experience level 2. On T:257 you advanced to experience level 3. On T:279 you reached level 4 of The Dungeons of Doom. On T:304 you reached level 5 of The Dungeons of Doom. On T:305 you advanced to experience level 4. On T:344 you reached level 6 of The Dungeons of Doom. On T:682 you advanced to experience level 5. On T:727 you reached level 1 of The Gnomish Mines. Score breakdown: Gold: 641 ( 9550 points) Experience: 5 levels (11141 points) Exploration: 6 levels ( 11.32%) ( 9302 points) Discoveries: 4 items ( 1.45%) ( 3611 points) Valuables value: (no points given unless you survive) Artifact value: 0 ( 0 points) Variety of kills: 15 monsters ( 3.96%) ( 5968 points) Time penalty: 858 turns ( 0 points) Survival: quit (score multiplied by 90%) Total score: 35614 Latest messages: You finish eating the food ration. They say that a lucky amulet will block poisoned arrows. Someone once said that what goes up < might come down >. Final status: Goodbye nht the Wizard, quit... You quit in The Gnomish Mines on dungeon level 4 with 35614 points, and 641 pieces of gold, after 858 moves. You were level 5 with a maximum of 38 hit points when you quit.